 Dungeon Crawl Stone Soup version 0.28-a0-691-gad6df49e81 (webtiles) character file.

Game seed: 11128496576128396030

25825 mhtbhm the Basher (level 12, -3/112 HPs)
             Began as a Minotaur Fighter on Oct 22, 2021.
             Was the Champion of Okawaru.
             Killed by divine providence
             ... invoked by an orc priest
              (12 damage)
             ... on level 2 of the Orcish Mines.
             The game lasted 00:39:39 (20505 turns).

mhtbhm the Basher (Minotaur Fighter)               Turns: 20505, Time: 00:39:39

Health: -3/112     AC: 12    Str: 26    XL:     12   Next: 92%
Magic:  13/13      EV: 16    Int:  5    God:    Okawaru [******]
Gold:   2382       SH:  6    Dex: 12    Spells: 11/11 levels left

rFire   . . .      SeeInvis .   a - +2 whip (freeze)
rCold   . . .      Faith    +   c - +0 buckler
rNeg    + . .      Spirit   .   b - +0 steam dragon scales
rPois   +          Reflect  .   E - +1 hat
rElec   +          Harm     .   r - +0 cloak
rCorr   .          Rampage  .   p - +1 pair of gloves {archery}
Will    .....                   d - +0 pair of boots
Stlth   ++++......              e - amulet of faith
HPRegen 0.28/turn               (no ring)
MPRegen 0.13/turn               y - ring of Agnosticism {rElec rPois rN+ Dex+2 Stlth+}

@: no status effects
A: horns 2, retaliatory headbutt
a: Renounce Religion, Heroism, Finesse, Duel


You were on level 2 of the Orcish Mines.
You worshipped Okawaru.
Okawaru was exalted by your worship.
You visited 2 branches of the dungeon, and saw 13 of its levels.

You collected 2382 gold pieces.

Inventory:

Hand Weapons
 a - a +2 whip of freezing (weapon)
 f - a +0 morningstar
 v - a +0 flail of holy wrath
Armour
 b - +0 steam dragon scales (worn)
 c - a +0 buckler (worn)
 d - a +0 pair of boots (worn)
 p - a +1 pair of gloves of archery (worn)
 r - a +0 cloak (worn)
 E - a +1 hat (worn)
 H - a scarf of shadows
Jewellery
 e - an amulet of faith (around neck)
 q - an amulet of the acrobat
 y - the ring of Agnosticism (right hand) {rElec rPois rN+ Dex+2 Stlth+}
   (You found it on level 7 of the Dungeon)

   [ring of positive energy]

   Dex:       It affects your dexterity (+2).
   rElec:     It insulates you from electricity.
   rPois:     It protects you from poison.
   rN:        It protects you from negative energy.
   Stlth:     It makes you more stealthy.
 D - a ring of fire
Wands
 t - a wand of polymorph (5)
Scrolls
 g - 2 scrolls of magic mapping
 i - a scroll of brand weapon
 o - 3 scrolls of enchant weapon
 x - 2 scrolls of immolation
 z - a scroll of amnesia
Potions
 k - 13 potions of degeneration
 l - a potion of brilliance
 u - a potion of attraction
 C - a potion of flight
 I - a potion of might


   Skills:
 + Level 11.9 Fighting
 + Level 13.5 Maces & Flails
 + Level 4.8 Throwing
 + Level 8.3 Armour
 + Level 10.9 Dodging
 + Level 5.9 Stealth
 + Level 8.8 Shields
 + Level 1.4 Unarmed Combat
 * Level 3.9 Invocations
 - Level 2.0 Evocations


You had 11 spell levels left.
You didn't know any spells.
Your spell library contained the following spells:

 Spells                   Type           Power      Damage    Failure   Level
 Pain                     Necr           0%         1d4       47%         1
 Passwall                 Tmut/Erth      0%         N/A       63%         2
 Static Discharge         Conj/Air       0%         N/A       63%         2
 Sublimation of Blood     Necr           0%         N/A       63%         2
 Wereblood                Tmut           0%         N/A       63%         2
 Ignite Poison            Fire/Tmut/Pois 0%         N/A       85%         3
 Mephitic Cloud           Conj/Pois/Air  0%         N/A       85%         3
 Swiftness                Air            0%         N/A       85%         3
 Vampiric Draining        Necr           0%         2d6       85%         3
 Dispel Undead            Necr           0%         3d6       99%         4
 Sticky Flame             Conj/Fire      0%         2d3       99%         4
 Freezing Cloud           Conj/Ice/Air   0%         6-21      100%        5
 Invisibility             Hex            0%         N/A       100%        6
 Animate Skeleton         Necr           Unusable   N/A       N/A         1
 Summon Hydra             Summ           Unusable   N/A       N/A         7

Dungeon Overview and Level Annotations

Branches:
Dungeon (11/15)            Temple (0/1) D:6            Lair (0/6) D:11
    Orc (2/2) D:11
    Elf: Orc:2

Altars:
Gozag
Kikubaaqudgha
Makhleb
Okawaru
Ru
Trog
Wu Jian
Beogh

Shops:
D:2 =   D:7 *   D:8 *   D:10 ?   Orc:1 (


Innate Abilities, Weirdness & Mutations

You have a pair of horns on your head.
You reflexively headbutt those who attack you in melee.


Message History

Unknown command.
Okay, then.
Okay, then.
Okay, then.
Okay, then.
Throw: dart (curare)
Press: ? - help, Q - select action, (/) - cycle Shift-Dir - straight line, p - orc priest You throw a curare-tipped dart.
The curare-tipped dart hits the ogre.
The ogre is poisoned.
The ogre convulses.
You kill the ogre!
Okawaru accepts your kill.
You closely miss something.
An orc wizard appears from thin air!
Reactivating autopickup.
The orc wizard hits you but does no damage.
Unknown command.
Press: ? - help, v - describe, . - travel
Here: an orc wizard, wielding a +2 dagger of protection and wearing a +0 robe The floor, spattered with blood.
Unknown command.
Okay, then.
You hit the orc wizard. You freeze the orc wizard.
You headbutt the orc wizard, but do no damage.
The orc wizard is heavily wounded.
Unknown command.
You hit the orc wizard but do no damage.
The orc wizard is heavily wounded.
The orc wizard hits you but does no damage.
You hit the orc wizard but do no damage.
The orc wizard is heavily wounded.
The orc priest calls upon Beogh to heal something.
You hit the orc wizard but do no damage.
Your headbutt misses the orc wizard.
The orc wizard is heavily wounded.
The orc wizard closely misses you.
You hit the orc wizard but do no damage.
The orc wizard is heavily wounded.
The orc priest invokes the aid of Beogh against you.
Beogh smites you!
You die...

#......#.. #...#....
#........ ##.......
#........ ##....)..
##........
###########o)o......
##..@o†.(o.o)oooo....
##...###############..
#...## #. #..## .... #
#..# ..... #..#......
#..#.....# #).#....#
#..#..#


You could see an orc warrior, an orc priest and an orc wizard.

Vanquished Creatures
  2 orc warlords
  A boulder beetle (D:11)
  Erolcha (Orc:1)
  A centaur warrior (D:10)
  3 two-headed ogres
  An orc high priest (Orc:2)
  Nergalle (Orc:1)
  Pikel (D:4)
  The ghost of timneilson the Covered, a novice GrFi (D:6)
  An orc knight (Orc:2)
  An ugly thing (D:10)
  6 orc sorcerers
  2 cyclopes
  A manticore (D:11)
  Maggie (D:10)
  Psyche (D:8)
  2 kobold demonologists (D:10)
  A queen bee (Orc:1)
  2 trolls
  2 hornets
  Sigmund (D:4)
  3 shadows
  2 wraiths (D:11)
  15 yaks
  2 steam dragons
  A basilisk (D:10)
  3 vampire mosquitoes (D:9)
  Menkaure (D:4)
  2 acid dragons
  8 wargs
  2 water moccasins
  A floating eye (shapeshifter) (D:10)
  A swamp drake (D:11)
  A sky beast (D:8)
  19 orc warriors
  2 ice beasts (D:6)
  A black bear (D:3)
  4 ogres
  A phantom (D:6)
  2 kobold brigands
  4 bullfrogs
  3 scorpions
  2 water moccasin zombies
  A water moccasin skeleton (D:6)
  7 killer bees (D:9)
  3 wights (D:6)
  10 howler monkeys
  A bullfrog zombie (D:6)
  2 centaur zombies
  3 hounds
  A jelly (D:7)
  Crazy Yiuf (D:3)
  23 orc priests
  A gnoll shaman (D:6)
  A bullfrog skeleton (D:6)
  An iguana (D:5)
  Jessica (D:2)
  Ijyb (D:4)
  27 orc wizards
  A killer bee zombie (D:6)
  A hound zombie (D:5)
  A hound skeleton (D:2)
  A howler monkey zombie (D:8)
  7 gnolls
  7 adders
  3 howler monkey skeletons
  A shadow imp (D:4)
  A howler monkey simulacrum (D:6)
  5 white imps (D:6)
  An ufetubus (D:5)
  A worm (D:2)
  2 dart slugs
  99 orcs
  4 ball pythons
  8 bats
  10 endoplasms
  6 giant cockroaches
  5 goblins
  7 hobgoblins
  16 kobolds
  2 quokkas (D:1)
  2 frilled lizards
  7 rats
395 creatures vanquished.

Vanquished Creatures (others)
  An orc warrior (Orc:2)
  An orc wizard (Orc:2)
  An orc (Orc:1)
3 creatures vanquished.

Grand Total: 398 creatures vanquished

Notes
Turn   | Place    | Note
-------+----------+-------------------------------------------
     0 | D:1      | mhtbhm the Minotaur Fighter began the quest for the Orb.
     0 | D:1      | Reached XP level 1. HP: 19/19 MP: 0/0
   258 | D:1      | Reached XP level 2. HP: 26/27 MP: 1/1
   475 | D:1      | Found a faded altar of an unknown god.
   849 | D:2      | Found Okes's Jewellery Boutique.
   987 | D:2      | Reached XP level 3. HP: 33/33 MP: 2/2
  1008 | D:2      | Noticed Jessica
  1012 | D:2      | Killed Jessica
  1013 | D:2      | Reached skill level 3 in Maces & Flails
  1016 | D:2      | Reached XP level 4. HP: 39/40 MP: 3/3
  1982 | D:2      | Noticed a scorpion
  1992 | D:2      | Killed a scorpion
  1993 | D:2      | Reached skill level 4 in Maces & Flails
  1993 | D:2      | Reached skill level 1 in Dodging
  1993 | D:2      | Reached XP level 5. HP: 16/47 MP: 4/4
  2421 | D:2      | Found an iron altar of Okawaru.
  2494 | D:2      | Became a worshipper of Warmaster Okawaru
  2538 | D:2      | Reached skill level 5 in Armour
  3266 | D:3      | Reached XP level 6. HP: 53/53 MP: 5/5
  3488 | D:3      | Found a runed translucent door.
  3489 | D:3      | Noticed Crazy Yiuf
  3584 | D:3      | Killed Crazy Yiuf
  3685 | D:4      | Noticed Sigmund
  3695 | D:4      | Noticed Ijyb
  3700 | D:3      | Reached skill level 5 in Maces & Flails
  3730 | D:4      | Reached skill level 5 in Fighting
  3735 | D:4      | Killed Sigmund
  3736 | D:4      | Reached XP level 7. HP: 53/61 MP: 2/6
  3808 | D:4      | Killed Ijyb
  3808 | D:4      | Reached * piety under Okawaru
  3928 | D:4      | Noticed Pikel
  3934 | D:4      | Noticed Menkaure
  3939 | D:4      | Killed Pikel
  3939 | D:4      | Reached ** piety under Okawaru
  3940 | D:4      | Reached skill level 7 in Maces & Flails
  3940 | D:4      | Reached skill level 1 in Stealth
  3940 | D:4      | Reached skill level 5 in Shields
  3940 | D:4      | Reached skill level 1 in Unarmed Combat
  3940 | D:4      | Reached XP level 8. HP: 67/70 MP: 7/7
  3946 | D:4      | Killed Menkaure
  4328 | D:4      | Reached skill level 8 in Maces & Flails
  5140 | D:4      | Identified a scroll of acquirement
  5143 | D:4      | Acquired an amulet of faith
  5188 | D:5      | Entered Level 5 of the Dungeon
  5544 | D:5      | Found a sacrificial altar of Ru.
  5544 | D:5      | Found an opulent altar of Gozag.
  5552 | D:5      | Found an ornate altar of the Wu Jian Council.
  5554 | D:5      | Found an ancient bone altar of Kikubaaqudgha.
  5556 | D:5      | Found a burning altar of Makhleb.
  5952 | D:5      | You fall into a shaft and drop 2 floors!
  6055 | D:7      | Reached skill level 1 in Throwing
  6146 | D:7      | Reached skill level 9 in Maces & Flails
  6214 | D:7      | Found Qaaf's General Store.
  6234 | D:7      | Reached *** piety under Okawaru
  6447 | D:7      | Identified the ring of Agnosticism {rElec rPois rN+ Dex+2
                  | Stlth+}
  6603 | D:7      | Reached XP level 9. HP: 73/78 MP: 8/8
  7266 | D:8      | Found Kifrono's General Store.
  7328 | D:7      | Reached **** piety under Okawaru
  7329 | D:7      | Reached skill level 10 in Maces & Flails
  7519 | D:6      | Found a bloodstained altar of Trog.
  7579 | D:6      | Noticed timneilson's ghost (novice GrFi)
  7781 | D:6      | Found a staircase to the Ecumenical Temple.
  7823 | D:6      | Reached skill level 5 in Dodging
  7832 | D:6      | You fall into a shaft and drop 2 floors!
  8118 | D:8      | Noticed Psyche
  8122 | D:8      | Killed Psyche
  8122 | D:8      | Reached ***** piety under Okawaru
  8489 | D:6      | Reached XP level 10. HP: 87/88 MP: 9/9
  8507 | D:6      | Found a runed translucent gate.
  8507 | D:6      | Found a runed translucent gate.
  8507 | D:6      | Found a runed translucent gate.
  8947 | D:6      | Reached skill level 11 in Maces & Flails
  9060 | D:6      | Killed timneilson's ghost
  9060 | D:6      | Received a gift from Okawaru
  9622 | D:9      | Noticed a two-headed ogre
  9635 | D:9      | Killed a two-headed ogre
  9776 | D:9      | Acquired 982 gold pieces
 10015 | D:9      | Reached skill level 1 in Evocations
 10629 | D:10     | Entered Level 10 of the Dungeon
 10832 | D:10     | Found Nearyima's Magic Scroll Shoppe.
 10964 | D:10     | Noticed a red ugly thing
 10974 | D:10     | Killed a red ugly thing
 11148 | D:10     | Noticed Maggie
 11149 | D:10     | Noticed a centaur warrior
 11150 | D:10     | Noticed a two-headed ogre
 11449 | D:10     | Noticed a sixfirhy
 11550 | D:10     | Killed a two-headed ogre
 11557 | D:10     | Reached XP level 11. HP: 58/97 MP: 10/10
 11575 | D:10     | Killed a centaur warrior
 11576 | D:10     | Reached skill level 12 in Maces & Flails
 11873 | D:10     | Noticed a sun demon
 12108 | D:10     | Noticed a glowing orange brain
 12108 | D:10     | a faun changed into a glowing orange brain
 12113 | D:10     | Noticed a shock serpent
 12113 | D:10     | a glowing orange brain changed into a shock serpent
 12116 | D:10     | a shock serpent changed into a guardian serpent
 12120 | D:10     | Noticed a fire crab
 12120 | D:10     | a guardian serpent changed into a fire crab
 12125 | D:10     | a fire crab changed into a moth of wrath
 12763 | D:10     | Killed Maggie
 12763 | D:10     | Received a gift from Okawaru
 12812 | D:10     | Reached skill level 5 in Stealth
 13478 | D:11     | Reached skill level 10 in Fighting
 13498 | D:11     | Received a gift from Okawaru
 13768 | D:11     | Received a gift from Okawaru
 13793 | D:11     | Noticed a boulder beetle
 13856 | D:11     | Killed a boulder beetle
 13856 | D:11     | Reached ****** piety under Okawaru
 13856 | D:11     | Received a gift from Okawaru
 14429 | D:11     | Received a gift from Okawaru
 14789 | D:11     | Found a staircase to the Orcish Mines.
 14923 | D:11     | Found a staircase to the Lair.
 15182 | D:11     | Reached XP level 12. HP: 108/108 MP: 11/11
 15291 | D:11     | Identified the +1 robe of Understanding {MP+9 Int-4 Slay+2}
 15519 | Orc:1    | Entered Level 1 of the Orcish Mines
 15519 | Orc:1    | Noticed Erolcha
 15519 | Orc:1    | Found Yraem's Antique Weapon Boutique.
 15623 | Orc:1    | Noticed Nergalle
 15875 | Orc:1    | Killed Nergalle
 16213 | Orc:1    | Killed Erolcha
 16214 | Orc:1    | Reached skill level 13 in Maces & Flails
 16604 | Orc:1    | Noticed an orc warlord
 16643 | Orc:1    | Killed an orc warlord
 16644 | Orc:1    | Reached skill level 1 in Invocations
 16660 | Orc:2    | Entered Level 2 of the Orcish Mines
 16682 | Orc:2    | Noticed an orc warlord
 16684 | Orc:2    | Reached skill level 10 in Dodging
 17093 | Orc:1    | You fall into a shaft and drop 1 floor!
 17102 | Orc:2    | Noticed a two-headed ogre
 17134 | Orc:2    | Killed a two-headed ogre
 17290 | Orc:2    | Killed an orc warlord
 17329 | Orc:1    | Noticed Sonja
 17382 | Orc:1    | Noticed Sonja
 17382 | Orc:1    | Sonja changed into Sonja the queen bee
 17386 | Orc:1    | Killed Sonja the queen bee
 19144 | Orc:2    | Received a gift from Okawaru
 19214 | Orc:2    | Paralysed by an orc sorcerer for 7 turns
 19499 | Orc:2    | Paralysed by an orc sorcerer for 3 turns
 19934 | Orc:2    | Noticed an orc high priest
 19955 | Orc:2    | HP: 1/112 [sun demon[an orc high priest] (14)]
 19956 | Orc:2    | Killed an orc high priest
 20505 | Orc:2    | Killed from afar by an orc priest

Illustrated notes

Levels and vault maps discovered:
D:1:      minmay_arrival_loop, layout_loops_ring, ebering_ecumenical_altar_webs
D:2:      layout_basic, serial_shops, shop_fountains, basic_altar,
          minmay_misc_feat_five, uniq_jessica
D:3:      minmay_door_path, layout_basic, uniq_crazy_yiuf_cottage
D:4:      layout_layer_cave, minmay_pentomino_pile, uniq_ijyb, uniq_pikel,
          uniq_menkaure, uniq_sigmund
D:5:      layout_loops_ring, chequers_temple_overflow_minitemple,
          cheibrodos_gnoll_hut
D:6:      layout_gridville, lemuel_tele_altar, temple_hall, gammafunk_ghost_icy,
          nrook_mini_backslash, minmay_stone_trees_small,
          hellmonk_bongcloud_opening, minmay_liquid_box
D:7:      layout_loops_ring, serial_shops, nicolae_shop_statue_plus,
          chequers_serial_rivers_large_b
D:8:      layout_cave_pools, serial_shops, nicolae_stop_n_shop_1, uniq_psyche
D:9:      layout_irregular_city, kennysheep_generic_room_11
D:10:     nzn_winding_woodlands_three_and_one
          [nzn_winding_woodlands_5x15_sawtooth,
          nzn_winding_woodlands_5x15_split_checker,
          nzn_winding_woodlands_5x15_eye,
          nzn_winding_woodlands_center_diamonds], layout_small_grid,
          serial_shops, shop, minmay_misc_feat_iff, uniq_maggie
D:11:     layout_loops_ring, erik_lair_orcish_takeover, erik_orc_1
Orc:1:    layout_caves, serial_shops, shop, minmay_orc_temple_a, uniq_nergalle,
          uniq_sonja, uniq_erolcha
Orc:2:    st_orc_mages, layout_diamond_mine

Skill      XL: |  1  2  3  4  5  6  7  8  9 10 11 12 |
---------------+-------------------------------------+-----
Armour         | 4 5 6 7 8 |  8.3
Fighting       | 4 5 6 8 9 10 11 | 11.9
Shields        | 4 5 6 7 8 |  8.8
Maces & Flails | 3 4 5 7 9 10 11 12 13 | 13.5
Dodging        | 1 2 3 5 7 9 10 | 10.9
Stealth        | 1 3 4 5 |  5.9
Unarmed Combat | 1 |  1.4
Throwing       | 1 2 4 |  4.8
Evocations     | 1 2 |  2.0
Invocations    | 3 |  3.9

Action                   |  1- 3 |  4- 6 |  7- 9 | 10-12 || total
-------------------------+-------+-------+-------+-------++-------
Melee: Flail             |    63 |   150 |    32 |       ||   245
       Headbutt          |     8 |    22 |    69 |   221 ||   320
       Unarmed           |       |       |     7 |       ||     7
       Whip              |       |       |   337 |   875 ||  1212
Throw: Javelin           |       |       |    13 |    36 ||    49
       Dart              |       |       |       |     5 ||     5
Invok: Heroism           |       |       |       |     4 ||     4
Evoke: Wand              |       |       |       |    28 ||    28
  Use: Potion            |       |     3 |     1 |     9 ||    13
       Scroll            |       |     4 |     9 |    13 ||    26
 Stab: Sleeping          |       |       |     4 |     4 ||     8
       Distracted        |       |       |     2 |     4 ||     6
Armor: Scale mail        |    37 |    84 |     8 |       ||   129
       Skin              |       |       |     3 |       ||     3
       Leather armour    |       |       |    67 |    59 ||   126
       Steam dragon scal |       |       |       |   124 ||   124
Dodge: Dodged            |    35 |    89 |   133 |   355 ||   612
Block: Buckler           |    15 |    37 |    57 |   151 ||   260

Table legend: (Time is in decaauts)
 A = Elapsed time spent in this place.
 B = Non-inter-level travel time spent in this place.
 C = Inter-level travel time spent in this place.
 D = Time resting spent in this place.
 E = Time spent auto-exploring this place.
 F = Levels seen in this place.
 G = Mean time per level.
                   A        B        C        D        E       F      G
               +--------+--------+--------+--------+--------+-----+--------+
         Total |  20090 |  19936 |    154 |   7218 |   8830 |  13 | 1545.4 |
       Dungeon |  16478 |  16324 |    154 |   5407 |   7997 |  11 | 1498.0 |
  Orcish Mines |   3611 |   3611 |      0 |   1810 |    833 |   2 | 1805.5 |
               +--------+--------+--------+--------+--------+-----+--------+

Top non-repeatable levels by time:
    D:11: 3279 daAuts
    D:10: 2667 daAuts
   Orc:1: 2405 daAuts
     D:2: 1577 daAuts
     D:6: 1558 daAuts
     D:4: 1460 daAuts
   Orc:2: 1206 daAuts
     D:1: 1168 daAuts
     D:7: 1149 daAuts
     D:9: 1015 daAuts
     D:3: 997 daAuts
     D:8: 851 daAuts
     D:5: 753 daAuts
